Map: 이터널 엠파이어 - 래더

Players

PtitDrogo

  • Race: Protoss Protoss
  • Spawn Location: 1:00

soO - Winner!

  • Race: Zerg Zerg
  • Spawn Location: 7:00

Event: War Chest Team League

VOD

Have the link to the VOD?

Description

Time

  • Played on: Aug. 2, 2020, 7:41 a.m.
  • Length: 2:41
Show
View Real Time Build Order
Export as new Build Order

PtitDrogo Protoss 

Build Orders: 1 Gate Expand 

Get SALT Encoding   

  12  0:00  Probe  
  13  0:12  Probe  
  14  0:21  Pylon  
  14  0:25  Probe  
  15  0:30  Assimilator  
  15  0:39  Probe (Chrono Boost)  
  16  0:45  Gateway  
  16  0:49  Probe (Chrono Boost)  
  17  0:54  Probe (Chrono Boost)  
  18  1:06  Probe  
  19  1:18  Probe  
  20  1:25  Nexus  
  20  1:33  Cybernetics Core  
  20  1:36  Probe  
  21  1:41  Assimilator  
  21  1:48  Zealot (Chrono Boost)  
  23  2:00  Pylon  
Show
View Real Time Build Order
Export as new Build Order

soO Zerg - Winner!

Build Orders: Pool First 

Get SALT Encoding   

  12  0:17  Spawning Pool  
  11  0:22  Drone  
  11  0:26  Drone  
  13  0:31  Drone  
  14  0:39  Overlord  
  14  1:03  Zergling x2  
  14  1:04  Zergling x2  
  16  1:05  Zergling x2  
  17  1:16  Zergling x2  
  18  1:19  Hatchery  
  17  1:28  Zergling x2  
  18  1:33  Queen  
  18  1:39  Zergling x2  
  21  1:48  Overlord  
  21  2:07  Drone  
  22  2:12  Drone  
  23  2:21  Drone  
Tags
 
Add a new tag
Caveats
  • Supply blocks, unpowered buildings, or Contaminate may cause inaccurate times.
  • Supply counts are checked every 10 seconds.